AoeStats
← ivcrk826

Arabia

504994971Analyzed
1v1 RM · 25d ago on Sep 7, 2026· 59m 16s· 2 players
Game mode
Random Map
Map size
Tiny (2 player)
Population
200
Speed
Normal
Resources
Standard
Victory
Conquest
Starting age
Dark Age
Ending age
Imperial Age
RankedLock teamsTeams togetherTeam positionsShared explorationLock speedFull tech treeHidden civsTurbo modeCheats
Victory
Defeat
🇦🇷 Franks · Argentina
1170
+17
🇹🇼 Magyars · Taiwan
1184
-17
ivcrk826
7:00 Loom
9:29 Feudal Age
10:05 Double-Bit Axe
23:20 Castle Age
21:51 Scale Barding Armor
22:20 Forging
23:22 Gold Mining
25:33 Iron Casting
29:55 Town Watch
31:36 Chain Barding Armor
33:19 Husbandry
38:28 Wheelbarrow
44:44 Hand Cart
51:49 Imperial Age
51:01 Fletching
52:34 Gold Shaft Mining
51:58 Cavalier
53:59 Plate Barding Armor
55:58 Blast Furnace
56:53 Conscription
58:12 Bodkin Arrow
米克斯
6:07 Loom
6:47 Loom
9:15 Feudal Age
9:48 Double-Bit Axe
19:48 Wheelbarrow
20:04 Horse Collar
23:45 Castle Age
24:04 Scale Barding Armor
24:16 Gold Mining
25:13 Chain Barding Armor
25:10 Bloodlines
25:28 Husbandry
46:01 Bow Saw
58:19 Imperial Age
56:58 Pikeman
59:54 Plate Barding Armor
Connection lost

Rejoining the realm…

Still unreachable

The connection could not be restored.

Session expired

The server has moved on; the page needs a fresh start.